 Dungeon Crawl Stone Soup version 0.31-a0-960-g0fca184906 (webtiles) character file.

Game seed: 12902825360112927150

5031 tilp the Covert (level 10, -3/76 HPs)
             Began as a Vampire Enchanter on Oct 23, 2023.
             Was a Believer of Wu Jian.
             Slain by a manticore (21 damage)
             ... on level 9 of the Dungeon.
             The game lasted 00:16:17 (11329 turns).

tilp the Covert (Vampire Enchanter)                Turns: 11329, Time: 00:16:18

Health: -3/76      AC:  7    Str:  7    XL:     10   Next: 30%
Magic:  8/17       EV: 13    Int: 22    God:    Wu Jian [**....]
Gold:   418        SH:  0    Dex: 15    Spells: 2/19 levels left

rFire   . . .        a - +2 dagger (vamp)
rCold   . . .        (no shield)
rNeg    . . .        x - +2 robe {Will+}
rPois   .            G - +0 helmet
rElec   .            D - scarf {+Inv}
rCorr   +            (no gloves)
SInv    +            n - +1 pair of boots
Will    ++...        k - amulet of regeneration
Stlth   ++++         o - ring of resist corrosion
HPRegen 1.32/turn    (no ring)
MPRegen 0.15/turn

%: no passive effects
@: marked, spiked, healing quickly
A: alive, fangs 3, see invisible, vampiric 2
a: Exsanguinate, Renounce Religion, Evoke Invisibility, Wall Jump


You were on level 9 of the Dungeon.
You worshipped Wu Jian.
Wu Jian was pleased with you.
You visited 2 branches of the dungeon, and saw 10 of its levels.

You collected 418 gold pieces.

Inventory:

Hand Weapons
 a - a +2 vampiric dagger (weapon)
 y - a +2 dagger of speed
 B - a +2 dagger of protection
Missiles
 e - 19 poisoned darts (quivered)
 q - 2 throwing nets
 s - 10 boomerangs
Armour
 n - a +1 pair of boots (worn)
 x - a +2 robe of willpower (worn)
 D - a scarf of invisibility (worn)
 E - a +0 scale mail of poison resistance
 G - a +0 helmet (worn)
Jewellery
 k - an amulet of regeneration (around neck)
 o - a ring of resist corrosion (left hand)
Wands
 l - a wand of iceblast (21)
 p - a wand of digging (4)
Scrolls
 b - a scroll of vulnerability
 m - 2 scrolls of teleportation
 t - 5 scrolls of revelation
 w - 2 scrolls of noise
 C - a scroll of fog
 F - a scroll of identify
Potions
 c - 4 potions of invisibility
 d - 2 potions of heal wounds
 f - 4 potions of lignification
 g - 2 potions of enlightenment
 h - 5 potions of curing
 i - a potion of berserk rage
 j - a potion of might
 u - a potion of resistance {unknown}
 v - a potion of attraction
 z - a potion of cancellation {unknown}
 A - 2 potions of mutation


   Skills:
 - Level 6.0 Fighting
 * Level 9.9 Short Blades
 - Level 4.0 Dodging
 - Level 10.0 Stealth
 - Level 5.0 Spellcasting
 - Level 8.0 Hexes
 - Level 2.0 Translocations
 - Level 2.0 Ice Magic
 - Level 2.0 Evocations


You had 2 spell levels left.
You knew the following spells:

 Your Spells              Type           Power      Damage    Failure   Level
a - Ensorcelled Hibernat  Hex/Ice        54%        N/A       1%          2
b - Confusing Touch       Hex            40%        N/A       1%          3
c - Tukima's Dance        Hex            40%        N/A       1%          3
d - Dazzling Flash        Conj/Hex       46%        N/A       6%          3
e - Slow                  Hex            100%       N/A       1%          1
f - Sigil of Binding      Hex            40%        N/A       1%          3
g - Blink                 Tloc           28%        N/A       7%          2

Your spell library contained the following spells:

 Spells                   Type           Power      Damage    Failure   Level
 Lesser Beckoning         Tloc           28%        N/A       7%          2
 Momentum Strike          Conj/Tloc      18%        3d8       10%         2
 Hailstorm                Conj/Ice       9%         3d4       21%         3
 Call Canine Familiar     Summ           5%         N/A       30%         3
 Vampiric Draining        Necr           5%         2d6       30%         3
 Summon Ice Beast         Ice/Summ       9%         N/A       54%         4
 Simulacrum               Ice/Necr       4%         N/A       100%        6
 Death's Door             Necr           Unusable   N/A       N/A         9

Dungeon Overview and Level Annotations

Branches:
Dungeon (9/15)             Temple (1/1) D:5            Lair (0/5) D:8
    Orc: D:9-12

Altars:
Ashenzari
Cheibriados
Dithmenos
Fedhas
Gozag
Kikubaaqudgha
Makhleb
Nemelex Xobeh
Okawaru
Qazlal
Ru
Sif Muna
Trog
Uskayaw
Wu Jian
Xom
Yredelemnul

Shops:
D:5 *   D:8 :

Annotations:
D:8 exclusion: fire crab


Innate Abilities, Weirdness & Mutations

Your natural rate of healing is accelerated.
You have razor-sharp teeth.
You have supernaturally acute eyesight. (SInv)
You are afflicted with vampirism and can become a bat while bloodless.


Message History

Confirm with . or Enter, or press ? or * to list all spells.
Aiming: Ensorcelled Hibernation (safe; 1% risk of failure)
Press: ? - help, Shift-Dir - straight line, f/p - manticore
Aim: a manticore (chance to affect: 40%)
The manticore resists with some effort.
The centaur warrior wields a +0 shortbow.
The centaur warrior shoots an arrow.
The arrow barely misses you. The manticore closely misses you.
The manticore claws you. The manticore barely misses you.
Casting: Ensorcelled Hibernation (safe; 1% risk of failure)
Confirm with . or Enter, or press ? or * to list all spells.
Aiming: Ensorcelled Hibernation (safe; 1% risk of failure)
Press: ? - help, Shift-Dir - straight line, f/p - manticore
Aim: a manticore (chance to affect: 40%)
The manticore resists with some effort.
The centaur warrior shoots an arrow.
The arrow hits you! The manticore closely misses you. The manticore claws you!
The manticore claws you.
Unknown command.
Casting: Ensorcelled Hibernation (safe; 1% risk of failure)
Confirm with . or Enter, or press ? or * to list all spells.
Aiming: Ensorcelled Hibernation (safe; 1% risk of failure)
Press: ? - help, Shift-Dir - straight line, f/p - manticore
Aim: a manticore (chance to affect: 40%)
The manticore looks drowsy...
The centaur warrior shoots an arrow.
The arrow hits you!
* * * LOW HITPOINT WARNING * * *
The centaur warrior shoots an arrow.
The arrow hits you!
* * * LOW HITPOINT WARNING * * *
You feel much better.
The centaur warrior shoots an arrow.
The arrow hits you!!
* * * LOW HITPOINT WARNING * * *
Unknown command.
You barely miss the manticore.
The centaur warrior shoots an arrow.
The arrow hits you!
* * * LOW HITPOINT WARNING * * *
Unknown command.
Blink to where?
Press: ? - help, Dir - move target, p - manticore
As you read the scroll of blinking, it crumbles to dust.
The manticore bites you!!
You die...

..........#.#.#.#.#
..........#^^^^^#.#
........#########.#
..#.....#.'.....'.#
.###....#########.#
.###......#^^^^^#.#
...#......#.#.#.#ยง#
..........#######H#
................@.#
..............#####
........#....##
........#...##
.........####
...........###
.##.##.......##
.##...........#
#####..##....##


You could see a manticore.

Vanquished Creatures
  A gargoyle (D:9)
  Jeremiah (D:7)
  A tengu conjurer (D:9)
  Grinder (D:3)
  Sigmund (D:2)
  A wyvern (D:9)
  A wraith (D:9)
  A steam dragon (D:9)
  Menkaure (D:4)
  An acid dragon (D:9)
  3 orc warriors
  An ogre (D:4)
  An ice beast (D:5)
  A centaur (D:8)
  2 phantoms
  2 kobold brigands
  A bullfrog (D:9)
  A gnoll sergeant (D:9)
  A scorpion (D:4)
  2 wights
  6 killer bees (D:8)
  3 howler monkeys (D:9)
  A crimson imp (D:7)
  2 gnoll boudas
  6 orc priests
  3 jellies
  4 hounds
  A sleepcap (D:5)
  Terence (D:3)
  8 iguanas
  12 orc wizards
  16 gnolls
  4 adders
  A shadow imp (D:8)
  3 white imps
  4 ufetubi
  4 worms
  40 orcs
  7 endoplasms
  4 giant cockroaches
  2 goblins
  9 hobgoblins
  2 jackals (D:4)
  12 kobolds
  4 quokkas
  3 ball pythons
  3 bats
  3 frilled lizards
  2 rats
195 creatures vanquished.

Vanquished Creatures (collateral kills)
  7 wights
  A gnoll (D:4)
8 creatures vanquished.

Vanquished Creatures (others)
  2 dancing weapons
2 creatures vanquished.

Grand Total: 205 creatures vanquished

Notes
Turn   | Place    | Note
-------+----------+-------------------------------------------
     0 | D:1      | tilp the Vampire Enchanter began the quest for the Orb.
     0 | D:1      | Reached XP level 1. HP: 13/13 MP: 3/3
   208 | D:1      | Reached XP level 2. HP: 13/20 MP: 5/5
   211 | D:1      | Learned a level 2 spell: Ensorcelled Hibernation
  1152 | D:2      | Reached skill level 1 in Fighting
  1189 | D:2      | Gained mutation: You are afflicted with vampirism and can
                  | become a bat while bloodless. [Vampire growth]
  1189 | D:2      | Reached XP level 3. HP: 9/26 MP: 1/6
  1193 | D:2      | Learned a level 3 spell: Confusing Touch
  1432 | D:2      | Noticed Sigmund
  1459 | D:2      | Killed Sigmund
  1460 | D:2      | Reached skill level 5 in Stealth
  1460 | D:2      | Reached skill level 5 in Hexes
  1460 | D:2      | Reached skill level 1 in Ice Magic
  1460 | D:2      | Reached XP level 4. HP: 24/33 MP: 2/7
  1460 | D:2      | Reached XP level 5. HP: 28/38 MP: 2/8
  1534 | D:2      | Learned a level 3 spell: Tukima's Dance
  2321 | D:3      | Noticed Terence
  2336 | D:3      | Killed Terence
  2430 | D:3      | Reached XP level 6. HP: 44/45 MP: 3/9
  2575 | D:3      | Found a faded altar of an unknown god.
  2688 | D:3      | Noticed Grinder
  2718 | D:3      | Paralysed by Grinder for 4 turns
  2729 | D:3      | Killed Grinder
  2730 | D:3      | Reached skill level 1 in Evocations
  3225 | D:4      | Reached XP level 7. HP: 52/52 MP: 7/11
  3711 | D:4      | Noticed Menkaure
  3743 | D:5      | Entered Level 5 of the Dungeon
  3783 | D:4      | Reached skill level 6 in Stealth
  4121 | D:4      | Killed Menkaure
  4387 | D:5      | Reached XP level 8. HP: 60/60 MP: 5/12
  4504 | D:5      | Found Zin's Purification Station.
  4550 | D:5      | Found a staircase to the Ecumenical Temple.
  4973 | D:5      | Found a broken altar of Ashenzari.
  5075 | D:5      | Reached skill level 5 in Short Blades
  5492 | D:5      | Reached skill level 7 in Stealth
  5936 | Temple   | Entered the Ecumenical Temple
  5942 | Temple   | Became a worshipper of the Wu Jian Council
  6096 | D:6      | Learned a level 3 spell: Dazzling Flash
  6098 | D:6      | Learned a level 1 spell: Slow
  6397 | D:6      | Found a shimmering blue altar of Sif Muna.
  6545 | D:6      | Reached skill level 5 in Fighting
  6871 | D:6      | Reached * piety under Wu Jian
  7067 | D:6      | Reached XP level 9. HP: 68/68 MP: 10/15
  7680 | D:6      | Found a shimmering blue altar of Sif Muna.
  7928 | D:7      | Noticed Jeremiah
  8044 | D:7      | Found a blossoming altar of Fedhas.
  8068 | D:7      | Reached skill level 8 in Stealth
  9035 | D:7      | Killed Jeremiah
  9122 | D:8      | Found Taiprusa's Book Emporium.
  9180 | D:8      | Learned a level 3 spell: Sigil of Binding
  9183 | D:8      | Learned a level 2 spell: Blink
  9191 | D:8      | Found a staircase to the Lair.
  9193 | D:8      | Noticed a fire crab
  9595 | D:8      | Reached ** piety under Wu Jian
  9600 | D:8      | Reached skill level 1 in Translocations
 10151 | D:9      | Identified the "Hanusyla"
 10171 | D:9      | Reached skill level 9 in Stealth
 10439 | D:9      | Reached skill level 5 in Spellcasting
 10679 | D:9      | Reached XP level 10. HP: 76/76 MP: 14/17
 10739 | D:9      | Noticed a gargoyle
 10755 | D:9      | Killed a gargoyle
 10756 | D:9      | Reached skill level 10 in Stealth
 11296 | D:9      | Noticed a two-headed ogre
 11297 | D:9      | Noticed a centaur warrior
 11306 | D:9      | Noticed a manticore
 11329 | D:9      | Slain by a manticore

Illustrated notes

Levels and vault maps discovered:
D:1:      lightli_arrival_chessboard, layout_loops_corners,
          minmay_close_crescents
D:2:      layout_basic, minmay_misc_feat_doors, uniq_sigmund
D:3:      layout_rooms, ebering_ecumenical_altar_petrified, uniq_terence,
          uniq_grinder
D:4:      layout_basic, minivault_23, uniq_menkaure
D:5:      layout_gridville, nicolae_ashenzari_skybound, zin_purify,
          minmay_temple_entry_from_below_a
D:6:      layout_basic, lemuel_blue_sif_altar, grunt_ministairs_14
D:7:      layout_gridville, fedhas_altar_1, minmay_misc_feat_tiny,
          minmay_fire_ice_demons, uniq_jeremiah
D:8:      layout_gridville, minmay_lair_entry_lava, serial_shops,
          nicolae_shop_stone
D:9:      layout_cave_pools, grunt_tough_drop
Temple:   nicolae_temple_x_marks_the_god

Skill      XL: |  1  2  3  4  5  6  7  8  9 10 |
---------------+-------------------------------+-----
Fighting       | 1 2 3 5 6 |  6.0
Short Blades   | 2 3 4 6 8 9 |  9.9
Stealth        | 5 6 7 9 10 | 10.0
Hexes          | 5 6 7 8 |  8.0
Ice Magic      | 1 2 |  2.0
Dodging        | 3 4 |  4.0
Evocations     | 1 2 |  2.0
Spellcasting   | 3 4 5 |  5.0
Translocations | 2 |  2.0

Action                     |  1- 3 |  4- 6 |  7- 9 | 10-12 || total
---------------------------+-------+-------+-------+-------++-------
  Melee: Dagger            |    82 |   152 |   422 |   106 ||   762
         Bite              |     9 |    19 |    52 |    18 ||    98
         Punch             |       |     2 |     6 |     2 ||    10
  Throw: Dart              |       |       |     1 |       ||     1
   Cast: Ensorcelled Hiber |     6 |    20 |   105 |    14 ||   145
         Tukima's Dance    |       |     5 |    13 |       ||    18
         Confusing Touch   |       |     3 |    20 |     3 ||    26
         Dazzling Flash    |       |       |     6 |     2 ||     8
Ability: Lunge             |       |       |    25 |     1 ||    26
         Whirlwind         |       |       |    12 |       ||    12
  Evoke: Wand              |       |     3 |     2 |       ||     5
    Use: Scroll            |     4 |     4 |    13 |     1 ||    22
         Potion            |     1 |       |       |     1 ||     2
   Stab: Sleeping          |    11 |    11 |    69 |     8 ||    99
         Invisible         |     1 |       |     4 |     2 ||     7
         Confused          |       |     3 |    12 |     2 ||    17
         Distracted        |       |       |     2 |       ||     2
 Armour: Robe              |    34 |    62 |   244 |    56 ||   396
  Dodge: Dodged            |    44 |    76 |   321 |    48 ||   489

Table legend: (Time is in decaauts)
 A = Elapsed time spent in this place.
 B = Non-inter-level travel time spent in this place.
 C = Inter-level travel time spent in this place.
 D = Time resting spent in this place.
 E = Time spent auto-exploring this place.
 F = Levels seen in this place.
 G = Mean time per level.
                   A        B        C        D        E       F      G
               +--------+--------+--------+--------+--------+-----+--------+
         Total |  11152 |  10630 |    522 |    479 |   8105 |  10 | 1115.2 |
       Dungeon |  11139 |  10628 |    511 |    479 |   8105 |   9 | 1237.7 |
        Temple |     12 |      1 |     11 |      0 |      0 |   1 |   12.0 |
               +--------+--------+--------+--------+--------+-----+--------+

Top non-repeatable levels by time:
     D:6: 2106 daAuts
     D:2: 1416 daAuts
     D:5: 1292 daAuts
     D:8: 1267 daAuts
     D:4: 1174 daAuts
     D:7: 1131 daAuts
     D:3: 932 daAuts
     D:1: 912 daAuts
     D:9: 906 daAuts
  Temple: 12 daAuts
